 Dungeon Crawl Stone Soup version 0.27-a0-972-gd1521fd518 (webtiles) character file.

Game seed: 7070373992937177601

87 Alarkh the Insei (level 4, 14/33 HPs)
             Began as a Demonspawn Transmuter on Apr 13, 2021.
             Got out of the dungeon alive.
             The game lasted 00:01:45 (1064 turns).

Alarkh the Insei (Demonspawn Transmuter)            Turns: 1064, Time: 00:01:46

Health: 14/33      AC:  2    Str: 11    XL:     4   Next: 28%
Magic:  7/7        EV: 12    Int: 15    God:
Gold:   38         SH:  0    Dex: 13    Spells: 7/8 levels left

rFire    . . .     SeeInvis .     - Unarmed
rCold    . . .     Faith    .   (no shield)
rNeg     . . .     Spirit   .   a - +0 robe
rPois    .         Reflect  .   (no helmet)
rElec    .         Harm     .   (no cloak)
rCorr    .         Rampage  .   (no gloves)
Will     .....                  (no boots)
Stlth    +.........             (no amulet)
HPRegen  0.11/turn              (no ring)
MPRegen  0.10/turn              (no ring)

@: no status effects
A: demonic guardian 1, spiny 1
a: no special abilities


You escaped.
You visited 1 branch of the dungeon, and saw 2 of its levels.

You collected 38 gold pieces.

Inventory:

Armour
 a - a +0 robe (worn)
Scrolls
 b - a scroll of immolation {unknown}
 c - a scroll of fog {unknown}
 d - 2 scrolls of enchant armour {unknown}
 e - 2 scrolls of identify {unknown}


   Skills:
 + Level 2.0 Fighting
 - Level 1.7 Dodging
 * Level 3.6 Unarmed Combat
 + Level 2.5 Spellcasting
 + Level 2.4 Transmutations


You had 7 spell levels left.
You knew the following spells:

 Your Spells              Type           Power      Damage    Failure   Level
a - Beastly Appendage     Tmut           18%        N/A       8%          1

Your spell library contained the following spells:

 Spells                   Type           Power      Damage    Failure   Level
 Wereblood                Tmut           9%         N/A       12%         2
 Spider Form              Tmut/Pois      2%         N/A       36%         3
 Ice Form                 Ice/Tmut       5%         N/A       77%         4
 Hydra Form               Tmut           4%         N/A       91%         5


Dungeon Overview and Level Annotations

Branches:
Dungeon (2/15)

Altars:


Innate Abilities, Weirdness & Mutations

A weak demonic guardian rushes to your aid.
You are partially covered in sharp spines.


Message History

The bullfrog hits you.
You closely miss the bullfrog.
The bullfrog is moderately wounded.
The bullfrog closely misses you. The bullfrog is struck by your spines.
The bullfrog hits you.
You closely miss the bullfrog.
The bullfrog is moderately wounded.
The bullfrog is struck by your spines. The bullfrog hits you.
You are too injured to fight recklessly!
You barely miss the bullfrog. Your headbutt misses the bullfrog.
The bullfrog is moderately wounded.
The bullfrog closely misses you.
You closely miss the bullfrog. You claw the bullfrog.
The bullfrog is severely wounded.
The bullfrog hits you.
* * * LOW HITPOINT WARNING * * *
The bullfrog is struck by your spines. The bullfrog misses you.
You aren't carrying any potions.
You hit the bullfrog but do no damage. You headbutt the bullfrog!
You kill the bullfrog!
Your Fighting skill increases to level 2!
You have reached level 3!
Your experience leads to an increase in your attributes!
Increase (S)trength, (I)ntelligence, or (D)exterity?
You feel clever.
Your demonic ancestry asserts itself...
You feel the presence of a demonic guardian.
You have reached level 4!
You feel stronger.
Your transformation is almost over.
Your horns disappear.
Your talons disappear.
There is a stone staircase leading down here.
There is a stone staircase leading up here.
You climb upwards.
There is a stone staircase leading down here.
Magic restored.
You enter the shallow water.
Moving in this stuff is going to be slow.
There is a staircase leading out of the dungeon here.
Are you sure you want to leave the Dungeon?
This will make you lose the game!
You have escaped!

### #@## #..##
## ##...###≈#
#....#≈≈≈#
#####..≈≈≈≈≈≈#
#≈≈≈≈≈≈≈≈≈≈###
#≈≈≈≈≈≈≈≈..##
#≈≈##.....^.#
## #........##
##


There were no monsters in sight!

Vanquished Creatures
  A bullfrog (D:2)
  3 endoplasms
  A goblin (D:1)
  4 hobgoblins
  4 jackals (D:1)
  A quokka (D:1)
  5 ball pythons
  A bat (D:1)
  3 kobolds (D:1)
  A rat (D:1)
24 creatures vanquished.

Notes
Turn   | Place    | Note
-------+----------+-------------------------------------------
     0 | D:1      | Alarkh the Demonspawn Transmuter began the quest for the
                  | Orb.
     0 | D:1      | Reached XP level 1. HP: 15/15 MP: 3/3
   245 | D:1      | Gained mutation: You are partially covered in sharp spines.
                  | [demonic ancestry]
   245 | D:1      | Reached XP level 2. HP: 12/21 MP: 3/5
   304 | D:1      | Reached skill level 3 in Unarmed Combat
   658 | D:1      | Found a faded altar of an unknown god.
   996 | D:2      | Noticed a bullfrog
  1004 | D:2      | Killed a bullfrog
  1005 | D:2      | Gained mutation: A weak demonic guardian rushes to your
                  | aid. [demonic ancestry]
  1005 | D:2      | Reached XP level 3. HP: 6/27 MP: 4/6
  1005 | D:2      | Reached XP level 4. HP: 7/33 MP: 4/7
  1064 | D:$      | Got out of the dungeon alive.

Illustrated notes

Levels and vault maps discovered:
D:1:      eino_arrival_cavern_b, layout_rooms,
          shapermc_ecumenical_altar_mp_vishouse, chequers_serial_rivers_micro_b
D:2:      kennysheep_six_static_rooms, layout_rooms, basic_altar,
          grunt_decor_junction, amcnicky_mini_pool_small

Skill      XL: |  1  2 |
---------------+-------+-----
Unarmed Combat | 3 |  3.6
Transmutations | 2 |  2.4
Fighting       | 2 |  2.0
Dodging        | |  1.7
Spellcasting   | |  2.5

Action                   |  1- 3 |  4- 6 || total
-------------------------+-------+-------++-------
Melee: Unarmed           |    59 |       ||    59
       Kick              |    11 |       ||    11
       Headbutt          |     5 |       ||     5
 Cast: Beastly Appendage |    14 |       ||    14
 Stab: Sleeping          |     1 |       ||     1
Armor: Robe              |     5 |       ||     5
Dodge: Dodged            |    36 |       ||    36

Table legend: (Time is in decaauts)
 A = Elapsed time spent in this place.
 B = Non-inter-level travel time spent in this place.
 C = Inter-level travel time spent in this place.
 D = Time resting spent in this place.
 E = Time spent auto-exploring this place.
 F = Levels seen in this place.
 G = Mean time per level.
                   A        B        C        D        E       F      G
               +--------+--------+--------+--------+--------+-----+--------+
         Total |   1063 |    997 |     66 |     86 |    768 |   2 |  531.5 |
       Dungeon |   1063 |    997 |     66 |     86 |    768 |   2 |  531.5 |
               +--------+--------+--------+--------+--------+-----+--------+

Top non-repeatable levels by time:
     D:1: 902 daAuts
     D:2: 160 daAuts
